 Dungeon Crawl Stone Soup version 0.17.0-7-gfadd4cc (webtiles) character file.

534 oplop the Sneak (level 7, -4/38 HPs)
             Began as a Vine Stalker Assassin on Nov 8, 2015.
             Slain by Duvessa
             ... wielding a +0 short sword
              (6 damage)
             ... on level 4 of the Dungeon.
             The game lasted 00:06:25 (2956 turns).

oplop the Sneak (Vine Stalker Assassin)             Turns: 2956, Time: 00:06:25

Health: -4/38      AC:  4    Str: 15    XL:     7   Next: 25%
Magic:  0/8        EV: 12    Int: 11    God:
Gold:   189        SH:  0    Dex: 20    Spells: 0 memorised, 6 levels left

rFire  . . .     SeeInvis .     w - +3 dagger
rCold  . . .     Clarity  .     c - +0 robe
rNeg   . . .     SustAt   .     (no shield)
rPois  .         Gourm    .     m - +0 helmet
rElec  .         Spirit   +     d - +0 cloak
rCorr  .         Warding  .     (no gloves)
rMut   .         Stasis   .     (no boots)
MR     .....                    (no amulet)
Stlth  ++........               A - +4 ring of dexterity
                                (no ring)

@: glowing, not resistant to hostile enchantments, unstealthy
A: fangs 2, regeneration 2, magic shield, antimagic bite, no device heal 3, rot
immunity
a: no special abilities


You were on level 4 of the Dungeon.
You were very hungry.

You visited 1 branch of the dungeon, and saw 4 of its levels.

You collected 189 gold pieces.

Inventory:

Hand Weapons
 a - a +0 rapier
 b - a +0 blowgun
 w - a +3 dagger (weapon)
Missiles
 e - 16 poisoned needles
Armour
 c - a +0 robe (worn)
 d - a +0 cloak (worn)
 m - a +0 helmet (worn)
Jewellery
 A - a +4 ring of dexterity (right hand)
 C - an uncursed ring of fire
Scrolls
 h - 5 scrolls of identify
 i - 3 scrolls of teleportation
 y - a scroll of noise {unknown}
 D - a scroll of immolation {unknown}
 E - a scroll of random uselessness {unknown}
Potions
 o - 2 potions of haste {unknown}
 q - a potion of beneficial mutation {unknown}
 r - a potion of ambrosia {unknown}
 s - 2 potions of might {unknown}
 v - a potion of magic {unknown}
 x - 2 potions of poison {unknown}
 z - 4 potions of agility {unknown}
 B - 2 potions of brilliance {unknown}
Comestibles
 g - 3 bread rations
 j - a beef jerky
 k - 2 slices of pizza
 l - 4 fruits
 n - a royal jelly
 t - a meat ration


   Skills:
 + Level 4.3 Fighting
 + Level 4.1 Short Blades
 - Level 1.7 Throwing
 - Level 0.7 Dodging
 + Level 7.5 Stealth


You had 6 spell levels left.
You didn't know any spells.

Dungeon Overview and Level Annotations

Branches:
Dungeon (4/15)
 Temple: D:4-7

Altars:
Elyvilon
Nemelex Xobeh
Qazlal

Shops:
D:4 (

Annotations:
D:3 oplop's ghost, amateur VSAs
D:4 Dowan; Duvessa


Innate Abilities, Weirdness & Mutations

You have extremely sharp teeth.
You heal very quickly.
When hurt, damage is shared between your health and your magic reserves.
Your bite disrupts and absorbs the magic of your enemies.
Potions and wands cannot restore your health.
You are immune to rotting.


Message History

Unknown command.
You hit Duvessa. You bite Duvessa. You drain her power.
You feel invigorated.
Duvessa is almost dead.
Duvessa hits you with a short sword.
* * * LOW HITPOINT WARNING * * *
Dowan hits you but does no damage.
Unknown command.
Unknown command.
You hit Duvessa but do no damage. You bite Duvessa, but do no damage.
Duvessa is almost dead.
Duvessa hits you with a short sword!
* * * LOW HITPOINT WARNING * * *
Dowan smirks and points a slender finger.
Dowan misses you.
Unknown command.
Unknown command.
You completely miss Duvessa.
Duvessa is almost dead.
Duvessa hits you with a short sword!
You die...

..................<..............
########.....##....##########..).
##.#........#....#####.###
#.#.####.#.#.##..........
#.#.##...#.#...........).
#[#.##.#.#.###########...
#.#.##...#.#.............
#.#.####e#........W...#..
#.#.(((e@#............#..
#.########............#.# ...
............#.. #........[.[##.
#...........##. #.s.........##.
#...........##. #...........##.
#...........##.


You could see Duvessa and Dowan.

Vanquished Creatures
  Sigmund (D:4)
  A phantom (D:4)
  An ogre (D:4)
  A scorpion (D:3)
  A centaur skeleton (D:4)
  4 adders
  2 oozes
  2 adder skeletons (D:4)
  5 worms
  2 giant geckos
  4 orcs
  5 hobgoblins
  A quokka (D:3)
  A ball python (D:1)
  7 bats
  4 giant cockroaches
  4 giant newts
  7 goblins
  A jackal (D:1)
  7 kobolds
  5 rats
66 creatures vanquished.

Notes
Turn   | Place    | Note
--------------------------------------------------------------
     0 | D:1      | oplop the Vine Stalker Assassin began the quest for the Orb.
     0 | D:1      | Reached XP level 1. HP: 11/11 MP: 2/2
   146 | D:1      | Reached skill level 5 in Stealth
   146 | D:1      | Reached XP level 2. HP: 15/15 MP: 3/3
   525 | D:1      | Reached XP level 3. HP: 10/19 MP: 4/4
  1090 | D:2      | Found a sparkling altar of Nemelex Xobeh.
  1717 | D:3      | Reached XP level 4. HP: 23/23 MP: 5/5
  1812 | D:3      | Noticed oplop's ghost (amateur VSAs)
  1970 | D:3      | Found a white marble altar of Elyvilon.
  2006 | D:3      | Noticed a scorpion
  2022 | D:3      | Killed a scorpion
  2022 | D:3      | Reached skill level 6 in Stealth
  2022 | D:3      | Reached XP level 5. HP: 12/28 MP: 3/6
  2398 | D:4      | Noticed Sigmund
  2452 | D:4      | Found Wutuiser's Weapon Shop.
  2540 | D:4      | Noticed Duvessa
  2540 | D:4      | Noticed Dowan
  2636 | D:4      | Found a stormy altar of Qazlal.
  2704 | D:4      | Noticed an ogre
  2713 | D:4      | Killed an ogre
  2713 | D:4      | Gained mutation: You heal very quickly. [Vine Stalker growth]
  2713 | D:4      | Reached XP level 6. HP: 32/32 MP: 7/7
  2799 | D:4      | Killed Sigmund
  2799 | D:4      | Reached skill level 7 in Stealth
  2799 | D:4      | Reached XP level 7. HP: 37/37 MP: 8/8
  2822 | D:4      | Noticed a phantom
  2915 | D:4      | Killed a phantom
  2955 | D:4      | HP: 1/38 [Duvessa/short sword (2)]
  2956 | D:4      | Slain by Duvessa

Action                   |  1- 3 |  4- 6 |  7- 9 || total
-------------------------+-------+-------+-------++-------
Melee: Dagger            |    91 |       |    27 ||   118
       Rapier            |    11 |    58 |     6 ||    75
 Fire: Blowgun           |       |    35 |     9 ||    44
  Use: Scroll            |     1 |       |     2 ||     3
 Stab: Sleeping          |    14 |     7 |       ||    21
       Distracted        |     1 |       |       ||     1
  Eat: Chunk             |     3 |     2 |       ||     5
